 Dungeon Crawl Stone Soup version 0.30-a0-802-gb92711bcdf (webtiles) character file.

Game seed: 14002971476344898342

222 Newt the Trooper (level 5, -6/44 HPs)
             Began as a Demonspawn Gladiator on Feb 23, 2023.
             Killed from afar by an orc wizard (9 damage)
             ... with a puff of flame
             ... on level 4 of the Dungeon.
             The game lasted 00:03:03 (2456 turns).

Newt the Trooper (Demonspawn Gladiator)             Turns: 2456, Time: 00:03:04

Health: -6/44      AC:  3    Str: 17    XL:     5   Next: 66%
Magic:  5/5        EV: 12    Int:  9    God:
Gold:   140        SH:  0    Dex: 14    Spells: 4/4 levels left

rFire   . . .      SeeInvis .    n - +7 club
rCold   . . .      Faith    .    (no shield)
rNeg    . . .      Spirit   .    b - +0 leather armour
rPois   .          Reflect  .    (helmet restricted)
rElec   .          Harm     .    (no cloak)
rCorr   .          Rampage  .    (no gloves)
Will    .....                    (no boots)
Stlth   ++                       (no amulet)
HPRegen 0.27/turn                (no ring)
MPRegen 0.09/turn                (no ring)

@: no status effects
A: antennae 2, powered by death 1
a: no special abilities


You were on level 4 of the Dungeon.
You visited 1 branch of the dungeon, and saw 4 of its levels.

You collected 140 gold pieces.

Inventory:

Hand Weapons
 a - a +0 rapier
 g - a +1 heavy long sword
 n - a +7 club (weapon)
Missiles
 d - 2 throwing nets (quivered)
 e - a javelin
Armour
 b - a +0 leather armour (worn)
 c - a +0 helmet
Wands
 k - a wand of quicksilver (2)
Scrolls
 f - 2 scrolls of noise
 h - 2 scrolls of teleportation
Potions
 i - a potion of degeneration
 j - 2 potions of brilliance
 l - a potion of flight
 m - a potion of attraction
 o - a potion of curing {unknown}
 p - a potion of cancellation {unknown}


   Skills:
 - Level 5.0 Fighting
 - Level 2.6 Short Blades
 + Level 2.2 Maces & Flails
 - Level 1.7 Throwing
 - Level 2.6 Dodging
 - Level 1.5 Stealth


You had 4 spell levels left.
You didn't know any spells.
Your spell library was empty.

Dungeon Overview and Level Annotations

Branches:
Dungeon (3/15)             Temple (0/1) D:4

Altars:

Shops:
D:2 =


Innate Abilities, Weirdness & Mutations

You have a pair of antennae on your head.
You regenerate a little health from kills.


Message History

You sock the orc!
You kill the orc!
The hobgoblin hits you.
You hit the hobgoblin.
The hobgoblin is lightly wounded.
The hobgoblin hits you but does no damage.
You hit the hobgoblin.
The hobgoblin is moderately wounded.
The orc barely misses you. The hobgoblin barely misses you.
The hobgoblin closely misses you.
The orc wizard casts a spell.
The orc wizard flickers and vanishes!
You barely miss the hobgoblin.
The hobgoblin is moderately wounded.
The hobgoblin hits you. The orc misses you.
You hit the hobgoblin.
The hobgoblin is almost dead.
The hobgoblin barely misses you. Something hits you.
The orc hits you with a +0 mace.
You completely miss the hobgoblin.
The hobgoblin is almost dead.
The hobgoblin hits you. Something hits you. The orc misses you.
You barely miss something. Something hits you. The hobgoblin barely misses you.
The orc hits you with a +0 mace.
* * * LOW HITPOINT WARNING * * *
Something hits you.
* * * LOW HITPOINT WARNING * * *
You convulse.
* * * LOW HITPOINT WARNING * * *
Something hits you.
* * * LOW HITPOINT WARNING * * *
The orc attacks as you move away! The orc misses you.
Unknown command.
Something completely misses you. The hobgoblin attacks as you move away!
The hobgoblin barely misses you.
Unknown command.
You hear some strange, mumbled words.
A puff of flame appears from out of thin air!
The puff of flame hits you!
You die...

.. ## . .# # . #.####
#.#####. .....
.....###########..####
.........@.{g........
##.##..####o....###.
#.....# #{.⌠..#
###.###.# #.).......
##...###.####⌠.>.⌠..#.
#>..........#.....#.#
#.##.###.##.#..⌠.....#
#.##.# #.##.#.........
#)##.###.##..##.......


You could see an orc and a hobgoblin.

Vanquished Creatures
  An orc priest (D:3)
  Jessica (D:2)
  Ijyb (D:4)
  Terence (D:2)
  An orc wizard (D:3)
  2 adders
  A worm (D:2)
  2 dart slugs (D:1)
  4 orcs
  6 endoplasms
  3 giant cockroaches
  3 goblins
  8 hobgoblins
  2 jackals (D:1)
  10 ball pythons
  4 bats (D:1)
  3 frilled lizards
  5 kobolds
  5 rats
63 creatures vanquished.

Vanquished Creatures (others)
  A fungus (D:2)
1 creature vanquished.

Grand Total: 64 creatures vanquished

Notes
Turn   | Place    | Note
-------+----------+-------------------------------------------
     0 | D:1      | Newt the Demonspawn Gladiator began the quest for the Orb.
     0 | D:1      | Reached XP level 1. HP: 16/16 MP: 1/1
    62 | D:1      | Reached skill level 1 in Stealth
   148 | D:1      | Gained mutation: You have a pair of small antennae on your
                  | head. [demonic ancestry]
   148 | D:1      | Reached XP level 2. HP: 18/22 MP: 2/2
   484 | D:1      | Reached skill level 3 in Fighting
   558 | D:1      | Reached XP level 3. HP: 29/29 MP: 3/3
   616 | D:1      | Found Xerur's General Store.
  1466 | D:2      | Noticed Jessica
  1474 | D:2      | Killed Jessica
  1475 | D:2      | Reached skill level 4 in Fighting
  1475 | D:2      | Gained mutation: You have a pair of antennae on your head.
                  | [demonic ancestry]
  1475 | D:2      | Reached XP level 4. HP: 10/37 MP: 4/4
  1879 | D:2      | Found a faded altar of an unknown god.
  1901 | D:2      | Found Kupar's Jewellery Shop.
  1901 | D:2      | Noticed Terence
  1915 | D:2      | Killed Terence
  2151 | D:3      | Reached skill level 5 in Fighting
  2151 | D:3      | Gained mutation: You regenerate a little health from kills.
                  | [demonic ancestry]
  2151 | D:3      | Reached XP level 5. HP: 9/44 MP: 5/5
  2156 | D:3      | Reached skill level 1 in Maces & Flails
  2330 | D:3      | You fall into a shaft and drop 1 floor!
  2400 | D:4      | Noticed Ijyb
  2416 | D:4      | HP: 1/44 [Ijyb/bolt of dispelling energy (13)]
  2418 | D:4      | Killed Ijyb
  2438 | D:4      | Found a staircase to the Ecumenical Temple.
  2454 | D:4      | HP: 2/44 [something (1)]
  2456 | D:4      | Killed from afar by an orc wizard

Illustrated notes

Levels and vault maps discovered:
D:1:      matt_arrival_los_fun, layout_basic, serial_shops, shop
D:2:      layout_loops_ring, serial_shops, nicolae_shop_hallway_plus,
          shapermc_ecumenical_altar_acropolis, serial_rivers,
          chequers_serial_rivers_large_a, chequers_serial_rivers_room_a,
          chequers_serial_rivers_large_b, chequers_serial_rivers_small_b,
          uniq_jessica, uniq_terence
D:3:      kennysheep_big_flooded_room, layout_loops_ring,
          cheibrodos_sewer_entry_bend, kennysheep_generic_room_8
D:4:      layout_basic, temple_fountains, nicolae_ossuary_entry_ruins,
          uniq_grinder, uniq_ijyb

Skill      XL: |  1  2  3  4  5 |
---------------+----------------+-----
Stealth        | 1 |  1.5
Fighting       | 3 4 5 |  5.0
Maces & Flails | 2 |  2.2
Short Blades   | |  2.6
Throwing       | |  1.7
Dodging        | |  2.6

Action                     |  1- 3 |  4- 6 || total
---------------------------+-------+-------++-------
  Melee: Rapier            |    56 |       ||    56
         Long sword        |    65 |     4 ||    69
         Club              |       |    68 ||    68
         Punch             |       |     1 ||     1
  Throw: Throwing net      |     2 |     3 ||     5
    Use: Scroll            |     3 |     3 ||     6
         Potion            |       |     3 ||     3
   Stab: Sleeping          |     4 |     2 ||     6
         Held in net/web   |     1 |       ||     1
 Armour: Leather armour    |    32 |    12 ||    44
  Dodge: Dodged            |   101 |    52 ||   153

Table legend: (Time is in decaauts)
 A = Elapsed time spent in this place.
 B = Non-inter-level travel time spent in this place.
 C = Inter-level travel time spent in this place.
 D = Time resting spent in this place.
 E = Time spent auto-exploring this place.
 F = Levels seen in this place.
 G = Mean time per level.
                   A        B        C        D        E       F      G
               +--------+--------+--------+--------+--------+-----+--------+
         Total |   2586 |   2555 |     31 |    227 |   1641 |   4 |  646.5 |
       Dungeon |   2586 |   2555 |     31 |    227 |   1641 |   4 |  646.5 |
               +--------+--------+--------+--------+--------+-----+--------+

Top non-repeatable levels by time:
     D:2: 1130 daAuts
     D:1: 1116 daAuts
     D:3: 208 daAuts
     D:4: 131 daAuts
